Map: Frost LE

Players

LiquidSnute (Snute) - Winner!

  • Race: Zerg Zerg

Lilbow

  • Race: Protoss Protoss
  • League: Master

Event: DreamHack ZOWIE Open Valencia 2016

VOD

Have the link to the VOD?

Description

Time

  • Played on: July 15, 2016, 1:09 p.m.
  • Length: 8:14

All games in this series

Show
View Real Time Build Order
Export as new Build Order

LiquidSnute Zerg - Winner!

Build Orders: Hatch First 

Get SALT Encoding   

  12  0:00  Drone  
  13  0:12  Overlord  
  13  0:17  Drone  
  14  0:30  Drone x2  
  14  0:34  Drone  
  17  0:52  Hatchery  
  17  0:55  Drone  
  17  0:58  Drone  
  17  1:00  Extractor  
  17  1:13  Spawning Pool  
  17  1:17  Drone  
  17  1:19  Drone  
  18  1:28  Drone  
  19  1:38  Overlord  
  19  1:49  Drone  
  20  2:00  Drone, Queen  
  20  2:01  Metabolic Boost  
  23  2:04  Queen  
  23  2:08  Zergling x2  
  26  2:11  Drone  
  26  2:14  Drone  
  28  2:21  Drone  
  29  2:25  Drone  
  30  2:32  Drone  
  30  2:36  Drone  
  32  2:44  Hatchery  
  31  2:52  Drone x2  
  31  2:54  Drone  
  34  3:00  Zergling x2  
  34  3:01  Evolution Chamber  
  34  3:04  Zergling x2  
  35  3:08  Zergling x2  
  35  3:11  Overlord  
  36  3:28  Overlord  
  36  3:29  Zergling x12  
  36  3:30  Queen  
  44  3:40  Roach Warren  
  43  3:43  Lair, Drone  
  43  3:48  Drone, Overlord  
  44  3:50  Drone  
  44  3:53  Drone  
  47  3:56  Overlord  
  47  4:01  Drone x2  
  48  4:04  Drone  
  48  4:07  Drone x2  
  51  4:10  Extractor  
  51  4:14  Drone x3  
  51  4:16  Drone  
  52  4:19  Drone  
  52  4:20  Drone  
  52  4:23  Drone  
  54  4:28  Roach x2  
  57  4:31  Roach  
  57  4:35  Roach x2  
  58  4:39  Roach  
  60  4:46  Roach x2  
  60  4:50  Roach  
  66  4:56  Roach x2  
  70  5:04  Zergling x2, Overseer  
  70  5:05  Zergling x6  
  70  5:06  Overlord  
  74  5:13  Overlord  
  74  5:20  Spore Crawler  
  74  5:21  Zerg Missile Weapons Level 1, Spore Crawler  
  72  5:24  Zergling x2, Overlord  
  72  5:25  Zergling x8  
  72  5:28  Drone  
  78  5:29  Drone  
  79  5:36  Drone x3  
  79  5:37  Drone x4  
  79  5:38  Glial Reconstitution  
  84  5:58  Drone x6  
  84  5:59  Drone  
  84  6:02  Overlord  
  89  6:04  Drone x3, Extractor  
  89  6:07  Overlord  
  89  6:13  Extractor, Overlord  
  88  6:18  Overlord  
  88  6:19  Roach x2  
  88  6:22  Extractor  
  88  6:24  Overlord  
  91  6:28  Spire  
  91  6:30  Extractor  
  89  6:34  Roach x4  
  89  6:36  Overlord  
  97  6:41  Overlord  
  97  6:42  Overlord  
  97  6:45  Roach  
  99  6:50  Roach  
  99  6:52  Ravager  
  102  6:55  Zergling x12  
  102  6:56  Zergling x2  
  109  7:05  Ravager x2  
  109  7:06  Ravager  
  109  7:08  Roach x3  
  117  7:10  Zergling x2  
  117  7:11  Zergling x6  
  117  7:15  Ravager  
  122  7:16  Zergling x4  
  122  7:25  Ravager  
  122  7:26  Roach x5  
  126  7:36  Ravager  
  118  7:37  Zergling x10  
  112  7:47  Ravager x2  
Show
View Real Time Build Order
Export as new Build Order

Lilbow Protoss 

Build Orders: 1 Gate Expand 

Get SALT Encoding   

  12  0:00  Probe (Chrono Boost)  
  13  0:11  Probe (Chrono Boost)  
  14  0:18  Pylon  
  14  0:22  Probe (Chrono Boost)  
  15  0:36  Probe (Chrono Boost)  
  15  0:38  Gateway  
  16  0:47  Probe (Chrono Boost)  
  16  0:48  Assimilator  
  17  0:57  Probe (Chrono Boost)  
  18  1:08  Probe (Chrono Boost)  
  19  1:19  Probe (Chrono Boost)  
  19  1:24  Nexus  
  20  1:34  Cybernetics Core  
  20  1:38  Probe (Chrono Boost)  
  21  1:42  Assimilator  
  21  1:49  Probe (Chrono Boost)  
  21  1:52  Pylon  
  22  1:59  Probe (Chrono Boost)  
  23  2:10  Probe (Chrono Boost)  
  23  2:11  Warp Gate  
  24  2:21  Adept, Probe (Chrono Boost)  
  27  2:31  Probe (Chrono Boost)  
  27  2:33  Twilight Council  
  27  2:36  Probe (Chrono Boost)  
  29  2:42  Probe (Chrono Boost)  
  30  2:47  Probe (Chrono Boost)  
  30  2:48  Adept  
  33  2:52  Probe (Chrono Boost)  
  33  2:58  Probe (Chrono Boost)  
  35  3:03  Probe (Chrono Boost)  
  36  3:08  Probe (Chrono Boost)  
  36  3:10  Resonating Glaives  
  37  3:13  Probe (Chrono Boost)  
  37  3:15  Adept  
  37  3:19  Probe (Chrono Boost)  
  41  3:23  Gateway  
  41  3:24  Probe (Chrono Boost), Gateway  
  42  3:29  Probe (Chrono Boost)  
  43  3:34  Pylon, Probe (Chrono Boost)  
  43  3:40  Mothership Core (Chrono Boost)  
  46  3:52  Probe (Chrono Boost)  
  47  3:58  Nexus  
  45  4:03  Probe x2 (Chrono Boost)  
  43  4:13  Probe (Chrono Boost)  
  43  4:15  Adept  
  45  4:21  Adept x2  
  47  4:25  Probe x2 (Chrono Boost)  
  47  4:35  Probe x2 (Chrono Boost)  
  47  4:36  Adept  
  50  4:39  Pylon  
  50  4:46  Probe x2 (Chrono Boost)  
  50  4:47  Adept  
  50  4:50  Nexus  
  50  4:52  Pylon  
  54  4:55  Pylon  
  54  4:56  Blink  
  54  4:57  Probe x2 (Chrono Boost)  
  56  5:05  Sentry  
  58  5:08  Assimilator  
  58  5:10  Probe (Chrono Boost)  
  59  5:21  Stalker x2  
  61  5:25  Assimilator, Probe (Chrono Boost)  
  61  5:26  Probe (Chrono Boost)  
  65  5:30  Stalker  
  68  5:37  Probe (Chrono Boost)  
  68  5:38  Probe (Chrono Boost)  
  68  5:41  Stalker  
  68  5:42  Stalker  
  73  5:50  Gateway  
  73  5:53  Pylon  
  69  6:00  Stalker  
  70  6:04  Pylon  
  70  6:09  Gateway  
  70  6:10  Gateway  
  70  6:23  Gateway  
  70  6:26  Stalker x2  
  70  6:27  Stalker, Pylon  
  76  6:40  Pylon  
  76  6:46  Stalker x2, Pylon  
  80  6:50  Stalker x2  
  80  6:53  Pylon  
  84  7:14  Stalker x6  
  92  7:43  Stalker x5  
  92  7:44  Stalker  

Tags
 
Add a new tag
Caveats
  • Supply blocks, unpowered buildings, or Contaminate may cause inaccurate times.
  • Supply counts are checked every 10 seconds.